 Dungeon Sprint DCSS version 0.26-a0-649-gf8c6c3aab7 (webtiles) character file.

Game seed: 3138108660237902652

53772 sahdkjhfkaj the Acrobat (level 14, -1/97 HPs)
             Began as a Felid Venom Mage on Sept 27, 2020.
             Was the Champion of Sif Muna.
             Slain by a nagaraja
             ... wielding a +0 spear
              (13 damage)
             ... in the Dungeon (Sprint VII: "The Pits").
             The game lasted 00:28:14 (10803 turns).

sahdkjhfkaj the Acrobat (Felid Venom Mage)         Turns: 10803, Time: 00:28:14

Health: -1/97      AC: 29    Str:  5    XL:     14   Next: 32%
Magic:  29/29      EV: 37    Int: 20    God:    Sif Muna [******]
Gold:   37         SH:  0    Dex: 20    Spells: 5/33 levels left
                                        Lives:  0   Deaths: 4

rFire    . . .     SeeInvis +     - Unarmed
rCold    . . .     Faith    .   (shield unavailable)
rNeg     + . .     Spirit   .   (armour unavailable)
rPois    ∞         Reflect  .   (helmet unavailable)
rElec    +         Harm     .   (cloak unavailable)
rCorr    .         Rampage  .   (gloves unavailable)
MR       ++...     NoTele   +   (boots unavailable)
Stlth    ++++......             (no amulet)
HPRegen  0.26/turn              z - ring "Peteod" {Wiz rPois Dex+3 Stlth+}
MPRegen  0.21/turn              m - +3 ring of protection

@: statue-form, very slow
A: very small, no armour, no weapons or thrown items, stealth, claws 1, fangs 3,
see invisible, sharp paws
a: End Transformation, Channel Magic, Forget Spell, Divine Exegesis, Renounce
Religion


You were in the Dungeon.
You worshipped Sif Muna.
Sif Muna was exalted by your worship.
You were a stone statue.
You visited 1 branch You collected 37 gold pieces.

Inventory:

Jewellery
 l - a +3 ring of evasion
 m - a +3 ring of protection (right paw)
 s - an uncursed ring of ice
 w - an uncursed ring of fire
 y - the ring of Uhicufin {rPois Dex+2}
   (You found it in the Dungeon)

   [ring of poison resistance]

   It affects your dexterity (+2).
   It protects you from poison.
 z - the ring "Peteod" (left paw) {Wiz rPois Dex+3 Stlth+}
   (You found it in the Dungeon)

   [ring of wizardry]

   It improves your spell success rate.
   It affects your dexterity (+3).
   It protects you from poison.
   It makes you more stealthy.
Wands
 x - a wand of polymorph (7)
Scrolls
 g - a scroll of blinking
 h - 9 scrolls of remove curse
 i - 5 scrolls of amnesia
 k - 2 scrolls of vulnerability
 t - 2 scrolls of fear
 u - a scroll of fog
 v - 3 scrolls of identify
Potions
 a - 2 potions of invisibility
 b - 9 potions of curing
 c - 10 potions of heal wounds
 d - a potion of haste
 e - 3 potions of magic
 f - 2 potions of berserk rage
 n - 6 potions of stabbing
 o - 2 potions of brilliance
 p - 2 potions of mutation
 q - 2 potions of resistance
 r - 2 potions of might
Miscellaneous
 j - a condenser vane (2/2)


   Skills:
 + Level 16.2 Fighting
 + Level 21.6 Dodging
 - Level 2.6 Stealth
 + Level 18.4 Unarmed Combat
 - Level 10.0 Spellcasting
 - Level 12.0 Conjurations
 - Level 12.0 Transmutations
 + Level 11.3 Ice Magic
 - Level 12.0 Earth Magic
 - Level 14.0 Poison Magic
 - Level 12.0 Invocations


You had 5 spell levels left.
You knew the following spells:

 Your Spells              Type           Power        Failure   Level
a - Sting                 Tmut/Pois      ####         1%          1
b - Olgreb's Toxic Radia  Pois           ######..     1%          4
c - Ignite Poison         Fire/Tmut/Pois #####...     1%          3
d - Irradiate             Conj/Tmut      ######....   1%          5
e - Absolute Zero         Ice            ######....   100%        9
S - Statue Form           Tmut/Erth      ######...    3%          6

Your spell library contained the following spells:

 Spells                   Type           Power        Failure   Level
 Foxfire                  Conj/Fire      ####         1%          1
 Freeze                   Ice            ####         1%          1
 Magic Dart               Conj           ####         1%          1
 Shock                    Conj/Air       ####         1%          1
 Ensorcelled Hibernation  Hex/Ice        ####..       1%          2
 Passwall                 Tmut/Erth      ######..     1%          2
 Poisonous Vapours        Pois/Air       #####.       1%          2
 Searing Ray              Conj           ######       1%          2
 Wereblood                Tmut           ######..     1%          2
 Conjure Flame            Conj/Fire      ####....     1%          3
 Dazzling Flash           Conj/Hex       ####..       1%          3
 Frozen Ramparts          Ice            ######       1%          3
 Mephitic Cloud           Conj/Pois/Air  #####...     1%          3
 Ozocubu's Armour         Ice            ######..     1%          3
 Spider Form              Tmut/Pois      ######....   1%          3
 Static Discharge         Conj/Air       ####....     1%          3
 Stone Arrow              Conj/Erth      ######       1%          3
 Hailstorm                Conj/Ice       ######..     1%          4
 Ice Form                 Ice/Tmut       ######..     1%          4
 Petrify                  Tmut/Erth      ######..     1%          4
 Alistair's Intoxication  Tmut/Pois      ######...    1%          5
 Blade Hands              Tmut           ######....   1%          5
 Iskenderun's Battlesphe  Conj           ######..     1%          5
 Lee's Rapid Deconstruct  Erth           ######....   1%          5
 Summon Small Mammal      Summ           ##..         2%          1
 Fulminant Prism          Conj/Hex       ####......   2%          4
 Leda's Liquefaction      Hex/Erth       ####......   2%          4
 Sticky Flame             Conj/Fire      ####....     2%          4
 Summon Ice Beast         Ice/Summ       ####....     2%          4
 Call Imp                 Summ           ##......     4%          2
 Corpse Rot               Necr/Air       N/A          4%          2
 Slow                     Hex            ##......     4%          2
 Sublimation of Blood     Necr           ##........   4%          2
 Swiftness                Air            ##......     4%          2
 Borgnjor's Vile Clutch   Necr/Erth      ####......   6%          5
 Fireball                 Conj/Fire      ####......   6%          5
 Yara's Violent Unravell  Hex/Tmut       ####......   6%          5
 Metabolic Englaciation   Hex/Ice        ####......   8%          5
 Call Canine Familiar     Summ           ##......     9%          3
 Gell's Gravitas          Tloc           ##........   9%          3
 Inner Flame              Hex/Fire       ##......     9%          3
 Summon Guardian Golem    Hex/Summ       ##......     9%          3
 Airstrike                Air            ##........   26%         4
 Animate Dead             Necr           ##........   26%         4
 Cause Fear               Hex            ##........   26%         4
 Passage of Golubria      Tloc           N/A          26%         4
 Summon Lightning Spire   Summ/Air       ##......     26%         4
 Agony                    Necr           ##......     56%         5
 Silence                  Hex/Air        ##........   56%         5
 Summon Forest            Summ/Tloc      ##........   56%         5
 Summon Mana Viper        Hex/Summ       ##......     56%         5
 Eringya's Noxious Bog    Tmut/Pois      ######....   1%          6
 Hydra Form               Tmut           ######....   3%          6
 Iron Shot                Conj/Erth      ######....   3%          6
 Dragon Form              Tmut           ######....   16%         7
 Orb of Destruction       Conj           ######....   16%         7
 Freezing Cloud           Conj/Ice/Air   #####.....   17%         6
 Starburst                Conj/Fire      ####......   32%         6
 Simulacrum               Ice/Necr       ####......   38%         6
 Lehudib's Crystal Spear  Conj/Erth      ######....   75%         8
 Spellforged Servitor     Conj/Summ      ####......   86%         7
 Dispersal                Tloc           ##........   98%         6
 Invisibility             Hex            ##......     98%         6
 Shadow Creatures         Summ           N/A          98%         6
 Haunt                    Necr/Summ      ##........   100%        7
 Summon Greater Demon     Summ           ##........   100%        7
 Summon Hydra             Summ           ##........   100%        7
 Borgnjor's Revivificati  Necr           ##........   100%        8
 Chain Lightning          Conj/Air       ####......   100%        8
 Necromutation            Tmut/Necr      ####......   100%        8
 Summon Horrible Things   Summ           ##........   100%        8
 Dragon's Call            Summ           ##........   100%        9
 Fire Storm               Conj/Fire      ####......   100%        9
 Shatter                  Erth           ######....   100%        9


Dungeon Overview and Level Annotations

Branches:
Dungeon (1/1)

Altars:
Ashenzari
Cheibriados
Dithmenos
Elyvilon
Fedhas
Gozag
Hepliaklqana
Kikubaaqudgha
Makhleb
Nemelex Xobeh
Okawaru
Qazlal
Ru
Sif Muna
Trog
Uskayaw
Vehumet
Wu Jian
Xom
Yredelemnul
Zin
The Shining One
Beogh
Jiyva
Lugonu


Innate Abilities, Weirdness & Mutations

You cannot wear armour.
You are incapable of wielding weapons or throwing items.
Your paws allow you to move quietly. (Stealth)
You have sharp claws.
You have razor-sharp teeth.
You have supernaturally acute eyesight. (SInv)
((You cover ground quickly.))
((Your thick and shaggy fur keeps you warm. (AC +3, rC+)))
Your sharp claws are effective at attacking unaware monsters.


Message History

Unknown command.
You mangle the lich!!
The lich is heavily damaged.
The vampire mage mumbles some strange words.
The vampire mage flickers and vanishes for a moment.
The nagaraja hits you from afar with a +0 spear!
* * * LOW HITPOINT WARNING * * *
The lich touches you but does no damage.
The ghoul barely misses you. The ghoul completely misses you.
Unknown command.
Unknown command.
Unknown command.
Unknown command.
You claw the lich!
The lich is heavily damaged.
The lich is no longer moving quickly.
The nagaraja completely misses you. The lich barely misses you.
The vampire mage completely misses you. The vampire mage misses you.
The ghoul completely misses you. x2
The nagaraja hits you from afar with a +0 spear!
You die...

........[.........#..#
........#......)..#..#
###..####)##'###'##..#
((####((#.#[[#[[[[#..#
((# #(('.#[[#[[[[#..#
### ##############''#
# # ####['# #
..#.#s#Lxp).# #
#).onnn8#.)## #
##.)xNV###.:# #


#..VZnh ..## # ##..#.n #.: # #.. ##Y ..:# # .. .. ..:# # # #. .:# # .. # You
could see a hellephant, 3 ghouls, a nagaraja (fast), a lich, a wolf spider, 2
vampire magi, a wizard, 2 bog bodies, a warg, an orc warrior, 2 crawling corpses
and a jackal skeleton (summoned).

Vanquished Creatures
  2 ancient liches (D)
  A bone dragon (D)
  A deep elf master archer (D)
  2 sphinxes (D)
  Gastronok (D)
  A shadow dragon (D)
  A frost giant (D)
  3 orc warlords (D)
  2 deep elf sorcerers (D)
  A stone giant (D)
  A minotaur (D)
  A deep elf demonologist (D)
  Azrael (D)
  A vampire knight (D)
  A yellow draconian (D)
  A white draconian (D)
  2 deep elf death magi (D)
  A deep elf high priest (D)
  A great orb of eyes (D)
  A yaktaur captain (D)
  4 vault guards (D)
  Erolcha (D)
  2 naga warriors (D)
  An alligator snapping turtle (D)
  A two-headed ogre (shapeshifter) (D)
  An orc high priest (D)
  2 deep troll shamans (D)
  A vampire mage (D)
  3 deep elf knights (D)
  Urug (D)
  A shadow wraith (D)
  A fire crab (D)
  An iron troll (D)
  3 deep trolls (D)
  2 sea snakes (D)
  An unseen horror (D)
  A swamp dragon (D)
  A phantasmal warrior (D)
  9 orc knights (D)
  A wizard (D)
  2 lindwurms (D)
  5 deep elf magi (D)
  A manticore (shapeshifter) (D)
  An elephant (D)
  A wolf spider (D)
  An eye of devastation (D)
  A gargoyle (D)
  2 rust devils (D)
  A kobold demonologist (D)
  2 hellwings (D)
  A yaktaur (D)
  A freezing wraith (D)
  2 efreet (D)
  3 ice devils (D)
  A troll (D)
  2 guardian mummies (D)
  7 dream sheep (D)
  6 blink frogs (D)
  A bog body (D)
  A redback (D)
  2 spriggans (D)
  A vampire (D)
  2 wraiths (D)
  A wyvern (D)
  A water elemental (D)
  Grum (D)
  A fire elemental (D)
  A warg (D)
  2 acid dragons (D)
  2 hell hounds (D)
  2 porcupines (D)
  A floating eye (D)
  4 orc warriors (D)
  Purgy (D)
  3 ogres (D)
  A centaur (D)
  3 wolves (D)
  A big kobold (D)
  2 scorpions (D)
  3 orc priests (D)
  Ijyb (D)
  3 hell rats (D)
  An iguana (D)
  A mummy (D)
  A gnoll (D)
  A river rat (D)
  2 ufetubi (D)
  A worm (D)
  10 orcs (D)
  A ball python (D)
  A bat zombie (D)
  A giant cockroach (D)
  A hobgoblin (D)
  2 jackals (D)
  2 quokkas (D)
  A frilled lizard (D)
  2 goblins (D)
  A jackal simulacrum (D)
  2 crawling corpses (D)
176 creatures vanquished.

Vanquished Creatures (collateral kills)
  A wraith (D)
  A fire bat (D)
2 creatures vanquished.

Vanquished Creatures (others)
  A quokka simulacrum (D)
  2 blocks of ice (D)
3 creatures vanquished.

Grand Total: 181 creatures vanquished

Notes
Turn   | Place    | Note
-------+----------+-------------------------------------------
     0 | D        | sahdkjhfkaj the Felid Venom Mage began the quest for the
                  | Orb.
     0 | D        | Reached XP level 1. HP: 7/7 MP: 4/4
    14 | D        | Reached skill level 3 in Dodging
    48 | D        | Found a bloodstained altar of Trog.
    48 | D        | Found a shimmering blue altar of Sif Muna.
    48 | D        | Found a viscous altar of Jiyva.
    48 | D        | Found a hazy altar of Hepliaklqana.
    48 | D        | Found an opulent altar of Gozag.
    49 | D        | Found a glowing golden altar of the Shining One.
    49 | D        | Found a glowing silver altar of Zin.
    49 | D        | Found a basalt altar of Yredelemnul.
    49 | D        | Found a shimmering altar of Xom.
    49 | D        | Found an ornate altar of the Wu Jian Council.
    49 | D        | Found a sacrificial altar of Ru.
    49 | D        | Found a stormy altar of Qazlal.
    49 | D        | Found an iron altar of Okawaru.
    49 | D        | Found a sparkling altar of Nemelex Xobeh.
    49 | D        | Found a burning altar of Makhleb.
    49 | D        | Found a blossoming altar of Fedhas.
    49 | D        | Found a white marble altar of Elyvilon.
    49 | D        | Found a shadowy altar of Dithmenos.
    49 | D        | Found a snail-covered altar of Cheibriados.
    50 | D        | Found a radiant altar of Vehumet.
    50 | D        | Found a corrupted altar of Lugonu.
    50 | D        | Found a roughly hewn altar of Beogh.
    51 | D        | Found an ancient bone altar of Kikubaaqudgha.
    51 | D        | Found a hide-covered altar of Uskayaw.
    51 | D        | Found a broken altar of Ashenzari.
    52 | D        | Became a worshipper of Sif Muna the Loreminder
    83 | D        | Noticed a floating eye
    87 | D        | Paralysed by a floating eye for 2 turns
    89 | D        | Killed a floating eye
    89 | D        | Reached skill level 6 in Dodging
    89 | D        | Reached XP level 2. HP: 11/11 MP: 0/8
    89 | D        | Reached XP level 3. HP: 14/14 MP: 0/9
    89 | D        | Reached XP level 4. HP: 18/18 MP: 0/11
   182 | D        | Learned a level 4 spell: Olgreb's Toxic Radiance
   186 | D        | Learned a level 3 spell: Ignite Poison
   190 | D        | Reached * piety under Sif Muna
   355 | D        | Noticed a deep elf mage
   358 | D        | Killed a deep elf mage
   358 | D        | Reached ** piety under Sif Muna
   358 | D        | Reached skill level 10 in Dodging
   358 | D        | Reached skill level 10 in Poison Magic
   358 | D        | Reached XP level 5. HP: 8/21 MP: 1/15
   358 | D        | Gained mutation: You are covered in thick fur. (AC +2)
                  | [Felid growth]
   358 | D        | Reached XP level 6. HP: 9/24 MP: 1/17
   598 | D        | Reached *** piety under Sif Muna
   598 | D        | Reached XP level 7. HP: 27/27 MP: 13/18
   599 | D        | Reached skill level 1 in Fighting
   599 | D        | Noticed Purgy
   600 | D        | Reached **** piety under Sif Muna
   608 | D        | Killed Purgy
   608 | D        | Reached skill level 11 in Dodging
   736 | D        | Reached ***** piety under Sif Muna
   736 | D        | Identified Sif Muna's Incunabulum of Black Magic and Clay
                  | (Sif Muna gifted it to you in the Dungeon)
   736 | D        | Received a gift from Sif Muna
   747 | D        | Learned a level 6 spell: Statue Form
   763 | D        | Noticed a rust devil
   811 | D        | Killed a rust devil
   811 | D        | Reached XP level 8. HP: 34/34 MP: 7/21
  1097 | D        | Noticed Urug
  1098 | D        | Hit by a silver javelin thrown by Urug
  1099 | D        | Reached XP level 7. HP: -4/31 MP: 17/19
  1138 | D        | Killed a wraith
  1138 | D        | Reached skill level 5 in Transmutations
  1167 | D        | Killed a fire bat
  1172 | D        | Killed Urug
  1172 | D        | Reached XP level 8. HP: 34/34 MP: 6/22
  1394 | D        | Noticed a deep elf knight
  1394 | D        | Noticed a deep elf mage
  1394 | D        | Noticed a deep elf mage
  1394 | D        | Noticed a deep elf mage
  1396 | D        | Killed a deep elf mage
  1396 | D        | Reached skill level 5 in Invocations
  1396 | D        | Identified Sif Muna's Catalogue of the Fetching Birds (Sif
                  | Muna gifted it to you in the Dungeon)
  1396 | D        | Received a gift from Sif Muna
  1396 | D        | Killed a deep elf mage
  1396 | D        | Reached XP level 9. HP: 38/38 MP: 15/23
  1397 | D        | Killed a deep elf mage
  1398 | D        | Killed a deep elf knight
  1398 | D        | Reached skill level 10 in Spellcasting
  1398 | D        | Reached skill level 10 in Transmutations
  1650 | D        | Noticed a great orb of eyes
  1878 | D        | Noticed a sea snake
  1879 | D        | Noticed a freezing wraith
  1889 | D        | Killed a sea snake
  1899 | D        | HP: 1/50 [freezing wraith (19)]
  1899 | D        | Slain by a freezing wraith
  1900 | D        | Reached XP level 8. HP: -4/46 MP: 22/23
  1907 | D        | Killed a freezing wraith
  1907 | D        | Reached XP level 9. HP: 39/39 MP: 18/24
  1924 | D        | Paralysed by a great orb of eyes for 5 turns
  1941 | D        | Killed a great orb of eyes
  2366 | D        | Noticed a lindwurm
  2368 | D        | Killed a lindwurm
  2368 | D        | Received a gift from Sif Muna
  2368 | D        | Reached skill level 5 in Fighting
  2368 | D        | Reached skill level 12 in Dodging
  2368 | D        | Reached skill level 5 in Unarmed Combat
  2406 | D        | Noticed an efreet
  2406 | D        | Noticed Erolcha
  2409 | D        | Reached XP level 10. HP: 44/44 MP: 14/25
  2409 | D        | Killed Erolcha
  2412 | D        | Killed from afar by an efreet
  2413 | D        | Reached XP level 9. HP: -12/53 MP: 9/24
  2423 | D        | Killed an efreet
  2423 | D        | Reached skill level 10 in Earth Magic
  2562 | D        | Noticed Gastronok
  2563 | D        | Noticed a guardian mummy
  2688 | D        | Killed a guardian mummy
  2688 | D        | Identified Odeitawoni's Volume of Hurtful Transformation
                  | (Sif Muna gifted it to you in the Dungeon)
  2688 | D        | Received a gift from Sif Muna
  2752 | D        | Noticed a guardian mummy
  2866 | D        | Reached ****** piety under Sif Muna
  2944 | D        | Noticed an ice devil
  2949 | D        | Killed an ice devil
  2954 | D        | Noticed a lindwurm
  2955 | D        | Noticed an efreet
  2959 | D        | Received a gift from Sif Muna
  2966 | D        | Killed an efreet
  2973 | D        | Killed a lindwurm
  2973 | D        | Reached XP level 10. HP: 25/46 MP: 25/25
  3024 | D        | Reached skill level 13 in Dodging
  3210 | D        | Killed Gastronok
  3527 | D        | Noticed Ijyb
  3529 | D        | Noticed a sea snake
  3529 | D        | Noticed an orc high priest
  3530 | D        | Noticed a deep elf mage
  3534 | D        | Killed Ijyb
  3534 | D        | Received a gift from Sif Muna
  3534 | D        | Reached skill level 10 in Invocations
  3535 | D        | Killed an orc high priest
  3538 | D        | Killed a sea snake
  3851 | D        | Noticed an unseen horror
  3856 | D        | Killed an unseen horror
  3878 | D        | Identified Catukyf's Catalogue of Harmful Companions (Sif
                  | Muna gifted it to you in the Dungeon)
  3878 | D        | Received a gift from Sif Muna
  3878 | D        | Reached skill level 10 in Unarmed Combat
  3878 | D        | Reached XP level 11. HP: 45/51 MP: 7/26
  4155 | D        | Killed a deep elf mage
  4155 | D        | Reached skill level 14 in Dodging
  4660 | D        | Learned a level 5 spell: Irradiate
  4705 | D        | Noticed a deep troll
  4712 | D        | Killed a deep troll
  4712 | D        | Identified Sif Muna's Volume of Transformation (Sif Muna
                  | gifted it to you in the Dungeon)
  4712 | D        | Received a gift from Sif Muna
  4824 | D        | Noticed Grum
  4825 | D        | Noticed an alligator snapping turtle
  4828 | D        | Killed Grum
  5054 | D        | Killed an alligator snapping turtle
  5303 | D        | Noticed a phantasmal warrior
  5311 | D        | Killed a phantasmal warrior
  5525 | D        | Noticed a shadow wraith
  5529 | D        | Identified Sif Muna's Tome of Arcane Weapons (Sif Muna
                  | gifted it to you in the Dungeon)
  5529 | D        | Received a gift from Sif Muna
  5532 | D        | Killed a shadow wraith
  5736 | D        | Noticed a fire crab
  5736 | D        | Noticed an orc knight
  5736 | D        | Noticed an orc knight
  5736 | D        | Noticed an orc knight
  5736 | D        | Noticed an orc knight
  5736 | D        | Noticed an orc knight
  5736 | D        | Noticed an orc knight
  5764 | D        | Killed an orc knight
  5764 | D        | Reached skill level 15 in Dodging
  5797 | D        | Killed an orc knight
  5797 | D        | Killed an orc knight
  6050 | D        | Killed a fire crab
  6183 | D        | Noticed an orc warlord
  6231 | D        | Killed an orc warlord
  6231 | D        | Received a gift from Sif Muna
  6231 | D        | Reached skill level 10 in Fighting
  6231 | D        | Gained mutation: Your thick and shaggy fur keeps you warm.
                  | (AC +3, rC+) [Felid growth]
  6231 | D        | Reached XP level 12. HP: 58/58 MP: 1/27
  6389 | D        | Noticed an orc warlord
  6404 | D        | Killed an orc warlord
  6404 | D        | Reached skill level 1 in Conjurations
  6477 | D        | Reached skill level 16 in Dodging
  6827 | D        | Noticed a vault guard
  6844 | D        | Killed a vault guard
  6844 | D        | Identified Sif Muna's Guide on the Quantum Oath (Sif Muna
                  | gifted it to you in the Dungeon)
  6844 | D        | Received a gift from Sif Muna
  6936 | D        | Noticed a deep troll shaman
  6937 | D        | Noticed a yaktaur captain
  6956 | D        | Killed a deep troll shaman
  6997 | D        | Noticed a vault guard
  7002 | D        | Killed a vault guard
  7005 | D        | Killed a yaktaur captain
  7375 | D        | Noticed a deep troll shaman
  7414 | D        | Killed a deep troll shaman
  7414 | D        | Identified Sif Muna's Guide on Congealing Sinister Rites
                  | (Sif Muna gifted it to you in the Dungeon)
  7414 | D        | Received a gift from Sif Muna
  7414 | D        | Reached skill level 5 in Conjurations
  7426 | D        | Learned a level 9 spell: Absolute Zero
  7491 | D        | Reached skill level 15 in Unarmed Combat
  7638 | D        | Reached skill level 17 in Dodging
  7638 | D        | Reached skill level 1 in Ice Magic
  7871 | D        | Noticed a naga warrior
  7872 | D        | Noticed a vault guard
  7875 | D        | Noticed a vault guard
  7891 | D        | Killed a vault guard
  7891 | D        | Reached XP level 13. HP: 64/64 MP: 8/28
  8003 | D        | Noticed a frost giant
  8006 | D        | Identified Molyan's Incunabulum of Glacial Stones (Sif Muna
                  | gifted it to you in the Dungeon)
  8006 | D        | Received a gift from Sif Muna
  8016 | D        | Killed a frost giant
  8751 | D        | Noticed a stone giant
  8751 | D        | Noticed a bone dragon
  8751 | D        | Noticed a shadow dragon
  8768 | D        | Killed a bone dragon
  8768 | D        | Identified Cuexiymu's Catalogue of the Displaced Escort
                  | (Sif Muna gifted it to you in the Dungeon)
  8768 | D        | Received a gift from Sif Muna
  8768 | D        | Reached skill level 18 in Dodging
  8768 | D        | Reached skill level 5 in Ice Magic
  8775 | D        | Killed a stone giant
  8781 | D        | Identified Sif Muna's Incunabulum of Attacks (Sif Muna
                  | gifted it to you in the Dungeon)
  8781 | D        | Received a gift from Sif Muna
  8783 | D        | Killed a shadow dragon
  8783 | D        | HP: 3/85 [ice devil (14)]
  8784 | D        | Identified the amulet of Suspicion {Reflect Dex+4 SH+5}
  8784 | D        | Noticed Azrael
  8785 | D        | Identified Sif Muna's Volume of Conjuration (Sif Muna
                  | gifted it to you in the Dungeon)
  8785 | D        | Received a gift from Sif Muna
  8785 | D        | Noticed a vampire knight
  8787 | D        | Slain by a vampire knight
  8788 | D        | Reached XP level 12. HP: -2/81 MP: 13/27
  9203 | D        | Got the Catalogue of Congealing Feathers
  9229 | D        | Learned a level 3 spell: Ozocubu's Armour
  9361 | D        | Killed a vampire knight
  9485 | D        | Noticed a deep elf sorcerer
  9741 | D        | Killed Azrael
  9741 | D        | Identified Sif Muna's Catalogue of Transmutation (Sif Muna
                  | gifted it to you in the Dungeon)
  9741 | D        | Received a gift from Sif Muna
  9989 | D        | Noticed a minotaur
  9989 | D        | Noticed a deep elf master archer
  9989 | D        | Noticed a white draconian
  9995 | D        | Killed a deep elf master archer
  9995 | D        | Reached skill level 19 in Dodging
  9995 | D        | Reached XP level 13. HP: 51/67 MP: 3/28
  9995 | D        | Killed a white draconian
  9997 | D        | Killed a minotaur
 10213 | D        | Got the ring of Uhicufin {rPois Dex+2}
 10217 | D        | Got the Handbook of Black Rituals and Companions
 10223 | D        | Got the ring "Peteod" {Wiz rPois Dex+3 Stlth+}
 10289 | D        | Noticed a yellow draconian
 10291 | D        | Killed a deep elf sorcerer
 10291 | D        | Identified Sif Muna's Volume of Curses and Conjuration (Sif
                  | Muna gifted it to you in the Dungeon)
 10291 | D        | Received a gift from Sif Muna
 10296 | D        | Killed a yellow draconian
 10720 | D        | Noticed a jiangshi
 10776 | D        | Noticed a deep elf demonologist
 10776 | D        | Noticed a lich
 10777 | D        | Noticed an ancient lich
 10777 | D        | Noticed a deep elf sorcerer
 10779 | D        | Noticed a deep elf death mage
 10779 | D        | Noticed a nagaraja
 10779 | D        | Noticed a sphinx
 10780 | D        | Noticed a Hell Sentinel
 10781 | D        | Killed an ancient lich
 10781 | D        | Reached skill level 20 in Dodging
 10781 | D        | Reached skill level 10 in Conjurations
 10781 | D        | Noticed a green draconian shifter
 10781 | D        | Noticed an orc warlord
 10781 | D        | Noticed a ghoul
 10782 | D        | Noticed a sphinx
 10784 | D        | Noticed a deep elf death mage
 10785 | D        | Noticed an ancient lich
 10786 | D        | Noticed a hellephant
 10787 | D        | Killed a deep elf demonologist
 10787 | D        | Killed a sphinx
 10787 | D        | Received a gift from Sif Muna
 10787 | D        | Reached skill level 15 in Fighting
 10787 | D        | Killed a deep elf sorcerer
 10789 | D        | Killed an orc warlord
 10789 | D        | Killed a deep elf death mage
 10789 | D        | Reached skill level 10 in Ice Magic
 10789 | D        | Killed a deep elf death mage
 10789 | D        | Killed a sphinx
 10789 | D        | Reached XP level 14. HP: 71/73 MP: 21/29
 10790 | D        | Noticed a ghoul
 10790 | D        | Received a gift from Sif Muna
 10791 | D        | Noticed a ghoul
 10800 | D        | Killed an ancient lich
 10800 | D        | Reached skill level 21 in Dodging
 10803 | D        | Slain by a nagaraja

Illustrated notes

Levels and vault maps discovered:
D:        pitsprint [storerooms_1, entrance_room_1, metal_vault_1, armoury_2,
          mini_pit_1, grid_room_1, main_hall_1, silver_pit, the_coven_3,
          the_vestibule_1, steel_vault_4, golden_pit, hallway_of_sentries,
          crystal_vault_5, iron_vault_2, final_vault]

Skill      XL: |  1  2  3  4  5  6  7  8  9 10 11 12 13 14 |
---------------+-------------------------------------------+-----
Dodging        | 6 10 11 12 13 15 19 20 21 | 21.6
Poison Magic   | 6 10 11 12 14 | 14.0
Spellcasting   | 4 7 9 10 | 10.0
Fighting       | 3 6 8 10 11 15 16 | 16.2
Transmutations | 7 9 11 12 | 12.0
Earth Magic    | 6 7 10 12 | 12.0
Invocations    | 4 7 9 10 12 | 12.0
Unarmed Combat | 3 7 10 13 15 17 18 | 18.4
Conjurations   | 9 11 12 | 12.0
Ice Magic      | 7 10 11 | 11.3
Stealth        | |  2.6

Action                   |  1- 3 |  4- 6 |  7- 9 | 10-12 | 13-15 || total
-------------------------+-------+-------+-------+-------+-------++-------
Melee: Unarmed           |     1 |       |    73 |   118 |    70 ||   262
       Bite              |     1 |       |     6 |    13 |     6 ||    26
       Punch             |       |       |     2 |     7 |     6 ||    15
 Cast: Sting             |     5 |       |    13 |     5 |       ||    23
       Olgreb's Toxic Ra |       |     5 |    17 |    65 |     9 ||    96
       Ignite Poison     |       |     3 |    19 |    80 |    23 ||   125
       Statue Form       |       |       |     8 |    20 |     5 ||    33
       Irradiate         |       |       |       |     5 |     7 ||    12
       Ozocubu's Armour  |       |       |       |     1 |       ||     1
       Absolute Zero     |       |       |       |       |     2 ||     2
Invok: Forget Spell      |       |       |       |     1 |       ||     1
       Channel Magic     |       |       |       |       |     4 ||     4
       Divine Exegesis   |       |       |       |       |     2 ||     2
Evoke: Condenser vane    |       |       |       |       |     1 ||     1
  Use: Scroll            |       |       |     1 |       |       ||     1
       Potion            |       |       |     1 |     3 |     1 ||     5
Armor: Skin              |       |       |    18 |    15 |    44 ||    77
Dodge: Dodged            |       |       |    87 |   194 |   244 ||   525

Table legend: (Time is in decaauts) A = Elapsed time spent in this place. B = Non-inter-level travel time spent in this place. C = Inter-level travel time spent in this place. D = Time resting spent in this place. E = Time spent auto-exploring this place. F = Levels seen in this place. G = Mean time per level. A B C D E F G +--------+--------+--------+--------+--------+-----+--------+ Total | 11072 | 10851 | 221 | 8077 | 0 | 1 | 11072.0 | Dungeon | 11072 | 10851 | 221 | 8077 | 0 | 1 | 11072.0 | +--------+--------+--------+--------+--------+-----+--------+

Top non-repeatable levels by time:
       D: 11072 daAuts
